 Dungeon Crawl Stone Soup version 0.29.1-12-g30fa7ad0bf (webtiles) character file.

Game seed: 17779390553170589042

130 RapScallion the Covered (level 5, 0/41 HPs)
             Began as a Human Fighter on Jan 15, 2023.
             Slain by a worm (3 damage)
             ... on level 3 of the Dungeon.
             The game lasted 00:13:50 (3749 turns).

RapScallion the Covered (Human Fighter)             Turns: 3749, Time: 00:13:52

Health: 0/41       AC: 10    Str: 16    XL:     5   Next: 36%
Magic:  5/5        EV:  9    Int:  9    God:
Gold:   134        SH:  5    Dex: 14    Spells: 4/4 levels left

rFire   . . .      SeeInvis +   q - +3 dagger (venom)
rCold   . . .      Faith    .   c - +0 buckler
rNeg    . . .      Spirit   .   b - +0 scale mail
rPois   .          Reflect  .   j - +2 helmet
rElec   .          Harm     .   (no cloak)
rCorr   .          Rampage  .   (no gloves)
Will    .....                   (no boots)
Stlth   ..........              (no amulet)
HPRegen 0.13/turn               f - ring of see invisible
MPRegen 0.09/turn               (no ring)

@: no status effects
A: no striking features
a: no special abilities


You were on level 3 of the Dungeon.
You visited 1 branch of the dungeon, and saw 3 of its levels.

You collected 134 gold pieces.

Inventory:

Hand Weapons
 a - a +0 long sword
 i - a +2 dagger of venom
 q - a +3 dagger of venom (weapon)
Armour
 b - a +0 scale mail (worn)
 c - a +0 buckler (worn)
 j - a +2 helmet (worn)
Jewellery
 f - a ring of see invisible (left hand)
 k - an amulet of regeneration
 p - a ring of wizardry
Scrolls
 e - 2 scrolls of amnesia
 h - a scroll of fear
 l - a scroll of enchant armour {unknown}
 n - a scroll of teleportation
Potions
 d - a potion of might
 g - a potion of mutation
 m - 2 potions of lignification
 o - 4 potions of cancellation


   Skills:
 + Level 3.5 Fighting
 + Level 0.4(2.2) Short Blades
 + Level 3.5 Long Blades
 + Level 3.8 Armour
 + Level 0.2 Dodging
 + Level 0.4 Stealth
 + Level 3.3 Shields


You had 4 spell levels left.
You didn't know any spells.
Your spell library contained the following spells:

 Spells                   Type           Power      Damage    Failure   Level
 Stone Arrow              Conj/Erth      0%         3d7       99%         3
 Animate Armour           Summ/Erth      0%         N/A       100%        4
 Lehudib's Crystal Spear  Conj/Erth      0%         10d2      100%        8


Dungeon Overview and Level Annotations

Branches:
Dungeon (3/15)

Altars:

Annotations:
D:3 2 runed translucent doors, Grinder; SirLogeyBear's ghost, amateur HOBe


Message History

Grinder gestures at you.
You barely resist.
Grinder blinks!
Grinder hits you.
You writhe in agony.
Grinder gestures at you. You resist with significant effort.
You can move again.
Grinder closely misses you.
You puncture Grinder!
Grinder is moderately wounded.
Grinder hits you.
You writhe in agony.
You closely miss Grinder.
Grinder is moderately wounded.
Unknown command.
You hit Grinder.
Grinder is heavily wounded.
Grinder gestures at you. Pain shoots through your body!
You closely miss Grinder.
Grinder is heavily wounded.
Grinder hits you but does no damage.
Unknown command.
You hit the worm.
The worm is poisoned.
The worm is lightly wounded.
You block Grinder's attack. The worm barely misses you.
You hit the worm.
The worm looks as sick as possible!
The worm is lightly wounded.
Grinder says, "Just stop there for a second..."
Grinder hits you.
You writhe in agony.
You hit Grinder.
Grinder is heavily wounded.
Grinder hits you. The worm bites you.
* * * LOW HITPOINT WARNING * * *
You hit Grinder.
Grinder is severely wounded.
Grinder gestures at you. Pain shoots through your body!
* * * LOW HITPOINT WARNING * * *
The worm bites you.
You die...

#....###.~~#..#
#....##≈##.#.##
.....#######.##
#....##.......#
#....#..#####.######
.......# #........#
......#####........#
...................#
#####.#####....5@..#
#####.# #....w...#
.##...# #........#
..#.##### #........#
........# #........#
........# ##########
........# ........#
#########


You could see Grinder and a worm (extremely poisoned).

Vanquished Creatures
  A howler monkey (D:3)
  Robin (D:3)
  An adder (D:3)
  2 dart slugs (D:2)
  5 endoplasms
  A giant cockroach (D:2)
  10 hobgoblins
  9 kobolds
  A quokka (D:2)
  4 ball pythons
  6 bats
  4 frilled lizards
  14 goblins
  4 rats
63 creatures vanquished.

Notes
Turn   | Place    | Note
-------+----------+-------------------------------------------
     0 | D:1      | RapScallion the Human Fighter began the quest for the Orb.
     0 | D:1      | Reached XP level 1. HP: 18/18 MP: 1/1
   441 | D:1      | Reached XP level 2. HP: 22/24 MP: 2/2
   615 | D:1      | You fall into a shaft and drop 1 floor!
  1046 | D:2      | Reached XP level 3. HP: 28/29 MP: 3/3
  1600 | D:1      | Found a faded altar of an unknown god.
  2543 | D:3      | Reached XP level 4. HP: 30/35 MP: 4/4
  2703 | D:3      | Found a large runed translucent door.
  2704 | D:3      | Noticed SirLogeyBear's ghost (amateur HOBe)
  2706 | D:3      | Found a large runed translucent door.
  2717 | D:3      | Noticed Grinder
  3027 | D:3      | Reached XP level 5. HP: 41/41 MP: 5/5
  3132 | D:3      | Noticed Robin
  3251 | D:3      | Killed Robin
  3727 | D:3      | Paralysed by Grinder for 4 turns
  3735 | D:3      | Paralysed by Grinder for 5 turns
  3749 | D:3      | Slain by a worm

Illustrated notes

Levels and vault maps discovered:
D:1:      giann_bridges, layout_loops_corners, dreamdust_ecumenical_altar_grove
D:2:      layout_basic
D:3:      layout_rooms, ebering_ghost_disaster_area, uniq_grinder, uniq_robin

Skill      XL: |  1  2  3  4 |
---------------+-------------+-----
Long Blades    | 3 |  3.5
Fighting       | |  3.5
Short Blades   | |  0.4
Armour         | |  3.8
Dodging        | |  0.2
Stealth        | |  0.4
Shields        | |  3.3

Action                   |  1- 3 |  4- 6 || total
-------------------------+-------+-------++-------
Melee: Long sword        |    89 |       ||    89
       Dagger            |    10 |    79 ||    89
  Use: Scroll            |     7 |     1 ||     8
       Potion            |       |     2 ||     2
Armor: Scale mail        |    41 |    25 ||    66
Dodge: Dodged            |    37 |    18 ||    55
Block: Buckler           |    21 |    15 ||    36
